 Dungeon Crawl Stone Soup version 0.28-a0-1594-ga885d4b3d6 (webtiles) character file.

Game seed: 4240437948608280140

23 fragbeetle the Skirmisher (level 2, 0/25 HPs)
             Began as a Palentonga Abyssal Knight on Jan 20, 2022.
             Was a Believer of Lugonu.
             Slain by a bat (1 damage)
             ... on level 2 of the Dungeon.
             The game lasted 00:02:02 (820 turns).

fragbeetle the Skirmisher (PaAK)                     Turns: 820, Time: 00:02:03

Health: 0/25       AC:  5    Str: 16    XL:     2   Next: 72%
Magic:  3/3        EV:  9    Int: 10    God:    Lugonu [**....]
Gold:   95         SH:  0    Dex: 10    Spells: 1/1 levels left

rFire   . . .      SeeInvis +   a - +1 falchion
rCold   . . .      Faith    .   (no shield)
rNeg    . . .      Spirit   .   d - +0 leather armour
rPois   .          Reflect  .   k - +0 helmet
rElec   .          Harm     .   (no cloak)
rCorr   .          Rampage  .   (no gloves)
Will    .....                   (no barding)
Stlth   +.........              (no amulet)
HPRegen 0.08/turn               (no ring)
MPRegen 0.08/turn               (no ring)

@: lethally poisoned (0 -> -3)
A: large, rugged brown scales 3, see invisible, deformed body, roll 1, armoured
tail
a: Rolling Charge, Renounce Religion, Depart the Abyss, Bend Space


You were on level 2 of the Dungeon.
You worshipped Lugonu.
Lugonu was pleased with you.
You visited 1 branch of the dungeon, and saw 2 of its levels.
You visited the Abyss 1 time.

You collected 95 gold pieces.

Inventory:

Hand Weapons
 a - a +1 falchion (weapon)
Missiles
 e - 22 arrows
Armour
 d - a +0 leather armour (worn)
 f - a +0 chain mail
 k - a +0 helmet (worn)
Scrolls
 c - 2 scrolls of identify {unknown}
 h - a scroll of amnesia {unknown}
 i - a scroll of immolation {unknown}
 j - a scroll of silence {unknown}
 l - 3 scrolls of enchant armour {unknown}
Potions
 b - a potion of lignification {unknown}
 g - a potion of curing {unknown}


   Skills:
 - Level 3.0 Fighting
 * Level 3.0 Long Blades
 - Level 1.5 Armour
 - Level 0.7 Dodging
 + Level 2.5 Invocations


You had one spell level left.
You didn't know any spells.
Your spell library contained the following spells:

 Spells                   Type           Power      Damage    Failure   Level
 Pain                     Necr           0%         1d4       43%         1
 Gell's Gravitas          Tloc           0%         N/A       80%         3
 Teleport Other           Tloc           0%         N/A       80%         3
 Agony                    Necr           0%         N/A       100%        5
 Excruciating Wounds      Necr           0%         N/A       100%        5
 Dispersal                Tloc           0%         N/A       100%        6


Dungeon Overview and Level Annotations

Branches:
Dungeon (2/15)

Altars:


Innate Abilities, Weirdness & Mutations

You are completely covered in rugged brown scales. (AC +3, +7% HP)
You have supernaturally acute eyesight. (SInv)
Armour fits poorly on your strangely shaped body.
You can roll at nearby foes to attack.
You have a long armoured tail.


Message History

The adder hisses angrily.
You roll forward with a clatter of scales!
You barely miss the adder.
You hear a shout!
You hear an angry hiss.
The adder bites you.
You are poisoned.
The adder poisons you!
You hit the adder but do no damage.
You feel sick. The adder bites you.
You are more poisoned.
The adder poisons you! The adder misses you.
You miss the adder.
You feel sick. The adder bites you but does no damage.
You closely miss the adder.
You feel sick. The adder bites you.
You are lethally poisoned!
The adder poisons you!
A kobold comes into view. It is wielding a +0 whip.
The adder bites you but does no damage.
You barely miss the adder.
Your tail-slap misses the adder.
You feel very sick.
A quokka comes into view.
The adder bites you but does no damage.
A bat comes into view.
You hit the adder but do no damage.
* * * LOW HITPOINT WARNING * * *
You feel sick.
The adder bites you but does no damage. x2
You slash the adder!
Your tail-slap misses the adder.
The adder is severely wounded.
* * * LOW HITPOINT WARNING * * *
You feel sick. The adder closely misses you.
The bat hits you but does no damage.
You miss the adder.
The adder is severely wounded.
* * * LOW HITPOINT WARNING * * *
You feel sick. The bat barely misses you. The adder bites you.
* * * LOW HITPOINT WARNING * * *
The adder closely misses you.
You hit the adder.
The adder is almost dead.
* * * LOW HITPOINT WARNING * * *
You feel sick. The bat hits you but does no damage. The bat hits you.
You die...

#..... ####..
...............####....#
.......... #.......##.#
.........##.#.#......#..
.................###.#..
.........#######..##..^.
......K..# ##.####..
......r.b# #..# #.#
......S@.########..###.#
#.......................
..#..##.###.#####.###...
............>...........
... .........#####....##
.. .............###..##
# ...................#
..............###...
..................##


You could see an adder, a quokka, a bat and a kobold.

Vanquished Creatures
  2 ball pythons
  3 giant cockroaches (D:1)
  4 hobgoblins
  A quokka (D:1)
  4 bats
  A frilled lizard (D:1)
  2 kobolds (D:1)
  4 rats (D:1)
21 creatures vanquished.

Notes
Turn   | Place    | Note
-------+----------+-------------------------------------------
     0 | Abyss:1  | fragbeetle the Palentonga Abyssal Knight began the quest
                  | for the Orb.
     0 | Abyss:1  | Reached XP level 1. HP: 19/19 MP: 2/2
    31 | D:1      | Escaped the Abyss
   225 | D:1      | Reached XP level 2. HP: 23/25 MP: 3/3
   681 | D:2      | Found a faded altar of an unknown god.
   703 | D:2      | Reached ** piety under Lugonu
   820 | D:2      | HP: 1/25 [poisoned by an adder]
   820 | D:2      | Slain by a bat

Illustrated notes

Levels and vault maps discovered:
D:1:      lemuel_arrival_tunnels, layout_rooms
D:2:      layout_rooms, nicolae_ecumenical_pavilion, minmay_hexomino_r4

Skill      XL: |  1  2 |
---------------+-------+-----
Long Blades    | 3 |  3.0
Fighting       | |  3.0
Armour         | |  1.5
Dodging        | |  0.7
Invocations    | |  2.5

Action                   || total
-------------------------++-------
Melee: Falchion          ||    56
       Tailslap          ||     4
       Punch             ||     2
 Abil: Rolling Charge    ||     2
Armor: Leather armour    ||    35
Dodge: Dodged            ||    35

Table legend: (Time is in decaauts)
 A = Elapsed time spent in this place.
 B = Non-inter-level travel time spent in this place.
 C = Inter-level travel time spent in this place.
 D = Time resting spent in this place.
 E = Time spent auto-exploring this place.
 F = Levels seen in this place.
 G = Mean time per level.
                   A        B        C        D        E       F      G
               +--------+--------+--------+--------+--------+-----+--------+
         Total |    827 |    775 |     52 |      0 |    556 |   3 |  275.7 |
       Dungeon |    796 |    744 |     52 |      0 |    556 |   2 |  398.0 |
         Abyss |     31 |     31 |      0 |      0 |      0 |   1 |   31.0 |
               +--------+--------+--------+--------+--------+-----+--------+

Top non-repeatable levels by time:
     D:1: 654 daAuts
     D:2: 141 daAuts
 Abyss:1: 31 daAuts
